Map: Ruins of Endion

Players

IlIlIlIlIl - Winner!

  • Race: Zerg Zerg
  • League: Grandmaster

Miszu

  • Race: Terran Terran
  • League: Master

VOD

Have the link to the VOD?

Description

Time

  • Played on: May 1, 2016, 2:41 p.m.
  • Length: 21:27
Show
View Real Time Build Order
Export as new Build Order

IlIlIlIlIl Zerg - Winner!

Build Orders: Hatch First 

Get SALT Encoding   

  12  0:00  Drone  
  13  0:13  Overlord  
  13  0:17  Drone  
  14  0:31  Drone  
  14  0:33  Drone  
  17  0:35  Drone  
  17  0:53  Hatchery  
  17  0:57  Drone  
  17  0:59  Drone  
  18  1:11  Extractor  
  18  1:14  Spawning Pool  
  18  1:16  Drone  
  17  1:19  Drone  
  18  1:29  Drone  
  19  1:39  Overlord  
  19  1:50  Drone  
  20  2:01  Queen  
  20  2:02  Zergling x2  
  20  2:04  Queen  
  20  2:05  Zergling x2  
  26  2:10  Metabolic Boost  
  26  2:16  Drone x2  
  26  2:22  Drone  
  29  2:34  Extractor  
  28  2:38  Hatchery  
  28  2:41  Drone x2  
  30  2:48  Drone  
  31  2:54  Overlord  
  31  2:55  Overlord  
  31  3:08  Zergling x6  
  34  3:14  Zergling x2  
  34  3:15  Zergling x10  
  34  3:16  Zergling x2  
  41  3:24  Drone x2  
  43  3:29  Queen  
  43  3:34  Queen  
  45  3:36  Drone  
  45  3:39  Drone  
  49  3:42  Drone x2  
  49  3:48  Drone x2  
  51  3:50  Drone  
  51  3:52  Drone  
  53  3:56  Drone x2  
  53  3:57  Drone  
  55  4:03  Queen  
  55  4:09  Drone x3  
  57  4:12  Drone  
  57  4:13  Drone  
  57  4:19  Overlord x2  
  57  4:23  Extractor x2  
  52  4:28  Roach Warren  
  50  4:33  Overlord  
  50  4:34  Overlord  
  50  4:36  Zergling x2  
  50  4:37  Zergling x4  
  53  4:44  Overlord  
  53  5:01  Drone x2  
  53  5:03  Drone, Evolution Chamber  
  53  5:04  Extractor, Drone x3  
  53  5:06  Evolution Chamber  
  56  5:13  Drone  
  57  5:14  Drone x5  
  57  5:15  Roach  
  57  5:16  Roach x3  
  57  5:17  Roach  
  72  5:21  Roach  
  72  5:22  Roach  
  76  5:28  Overlord  
  76  5:32  Zerg Missile Weapons Level 1  
  76  5:38  Zerg Ground Armor Level 1  
  77  5:43  Roach x2  
  77  5:46  Drone x4  
  77  5:47  Drone x2  
  77  5:48  Drone  
  86  5:53  Drone  
  87  6:01  Drone x6  
  87  6:02  Drone  
  93  6:05  Drone x4  
  93  6:11  Extractor x2  
  95  6:17  Drone x2  
  96  6:19  Overlord  
  96  6:20  Overlord  
  96  6:24  Lair  
  96  6:29  Drone x2  
  96  6:31  Roach x3  
  104  6:37  Roach x2  
  104  6:38  Roach  
  110  6:40  Roach x2, Hatchery  
  110  6:41  Roach  
  110  6:44  Overlord  
  110  6:46  Overlord  
  115  6:56  Drone  
  115  6:58  Baneling Nest  
  115  7:01  Spore Crawler  
  115  7:02  Spore Crawler, Drone  
  115  7:04  Spore Crawler, Drone  
  114  7:16  Drone x2  
  116  7:29  Zerg Missile Weapons Level 2  
  116  7:33  Roach  
  116  7:34  Roach x9  
  116  7:35  Hydralisk Den  
  135  7:37  Infestation Pit, Roach  
  136  7:44  Zerg Ground Armor Level 2  
  136  7:45  Centrifical Hooks  
  136  7:46  Zergling x2  
  136  7:47  Zergling x2  
  126  8:27  Hive, Muscular Augments  
  126  8:30  Glial Reconstitution  
  126  8:38  Overlord x3  
  126  8:39  Overlord  
  126  8:41  Hydralisk x2, Roach  
  128  8:42  Hydralisk x2  
  128  8:43  Roach  
  138  8:53  Overlord x4  
  138  8:54  Overlord  
  138  8:55  Hatchery  
  137  8:56  Queen  
  131  9:10  Queen  
  131  9:14  Hydralisk  
  131  9:15  Hydralisk x13  
  161  9:32  Zergling x10  
  161  9:33  Zergling x10  
  161  9:37  Zergling x2  
  161  9:38  Extractor  
  172  9:45  Drone x3  
  174  9:52  Zerg Missile Weapons Level 3  
  174  9:56  Viper x2  
  180  10:00  Extractor  
  180  10:03  Evolution Chamber  
  180  10:05  Evolution Chamber  
  169  10:11  Zerg Ground Armor Level 3  
  169  10:16  Pneumatized Carapace  
  169  10:21  Drone x2  
  171  10:27  Hydralisk x3  
  171  10:28  Roach x2  
  179  10:29  Zergling x6  
  182  10:41  Hatchery  
  178  10:52  Hydralisk x4, Roach  
  178  10:53  Zergling x2, Roach x2  
  178  10:54  Zergling x14  
  194  10:58  Viper  
  197  11:05  Baneling x2  
  197  11:09  Roach  
  197  11:10  Zergling x2  
  200  11:13  Baneling  
  200  11:14  Baneling x14  
  200  11:15  Baneling  
  198  11:23  Zergling x2  
  198  11:24  Zergling x6  
  197  11:28  Zergling x4  
  197  11:30  Zergling x8  
  191  11:33  Zergling x2  
  191  11:36  Zergling x2, Roach  
  183  11:44  Hydralisk  
  183  11:45  Roach  
  183  11:46  Zergling x2, Roach  
  137  11:47  Zergling x2  
  137  11:50  Roach  
  137  11:51  Zergling x2  
  119  11:55  Roach  
  119  11:59  Roach x2  
  117  12:02  Roach  
  117  12:04  Roach  
  117  12:06  Roach  
  105  12:19  Baneling  
  105  12:20  Hydralisk, Baneling x5  
  105  12:21  Roach x2  
  111  12:23  Roach  
  111  12:27  Roach  
  111  12:28  Roach  
  117  12:31  Roach  
  117  12:35  Roach  
  119  12:38  Roach  
  119  12:41  Roach  
  119  12:42  Roach  
  125  12:51  Hydralisk x2  
  125  12:52  Roach  
  125  12:54  Roach  
  125  12:55  Roach  
  135  13:05  Hydralisk  
  135  13:06  Roach x3  
  135  13:09  Roach  
  135  13:11  Roach  
  147  13:14  Roach  
  147  13:16  Zergling x2  
  150  13:20  Drone x2  
  150  13:21  Drone  
  150  13:23  Drone  
  154  13:27  Roach  
  156  13:34  Ravager  
  156  13:35  Hydralisk, Ravager  
  156  13:36  Roach  
  162  13:41  Zergling x2  
  162  13:42  Roach x2  
  162  13:47  Zergling x2, Roach  
  165  13:48  Roach  
  165  13:54  Queen  
  169  14:04  Hydralisk x2, Roach  
  169  14:05  Roach  
  177  14:17  Roach  
  177  14:20  Roach  
  177  14:22  Zergling x2  
  180  14:24  Roach  
  180  14:27  Hatchery  
  180  14:28  Roach  
  180  14:30  Roach  
  180  14:31  Roach  
  187  14:33  Roach  
  187  14:35  Roach  
  187  14:38  Roach  
  193  14:39  Zergling x2  
  193  14:42  Baneling x5  
  193  14:43  Baneling  
  194  14:55  Hydralisk  
  194  14:56  Roach  
  194  14:57  Roach  
  189  15:04  Hydralisk x3  
  189  15:05  Roach x2  
  189  15:06  Zergling x2  
  178  15:10  Hydralisk  
  178  15:11  Roach  
  184  15:14  Roach  
  184  15:24  Zerg Melee Weapons Level 1  
  184  15:30  Hydralisk x2  
  184  15:31  Roach x4  
  195  15:35  Zergling x2  
  196  15:44  Hydralisk x2  
  200  16:10  Roach  
  197  16:44  Zergling x4  
  197  16:46  Baneling x2  
  197  16:47  Baneling x2  
  199  17:01  Overlord  
  184  17:13  Hydralisk  
  184  17:14  Hydralisk x5, Roach x4  
  184  17:15  Zergling x18, Roach x3  
  165  17:16  Zergling x12, Hydralisk x6, Roach x3  
  165  17:17  Roach x3  
  165  17:19  Zergling x2  
  165  17:20  Roach  
  177  17:25  Hydralisk  
  177  17:26  Roach  
  170  17:35  Hydralisk x2  
  170  17:36  Roach x2  
  178  17:41  Zerg Melee Weapons Level 2  
  178  17:49  Hydralisk  
  178  17:50  Hydralisk, Roach x2  
  186  17:52  Roach  
  186  17:58  Baneling x4  
  188  17:59  Baneling x4  
  188  18:00  Baneling  
  188  18:01  Baneling  
  188  18:03  Roach  
  192  18:05  Roach  
  192  18:10  Hydralisk  
  192  18:11  Roach  
  196  18:14  Roach  
  198  18:22  Baneling  
  198  18:23  Baneling x12  
  198  18:25  Zergling x2  
  200  18:27  Zergling x2  
  200  18:49  Hatchery  
  170  19:03  Hydralisk x5  
  170  19:04  Roach x6  
  170  19:09  Viper  
  191  19:47  Overlord x2  
  191  20:04  Queen, Hatchery  
  183  20:27  Zergling x4, Hydralisk x2  
  183  20:28  Hydralisk x2, Roach x3  
  199  20:35  Overlord  
  199  20:46  Hatchery  
  198  20:54  Hydralisk x2  
  198  20:55  Zergling x2  
  192  20:57  Hydralisk x2  
  192  20:58  Zergling x2, Roach x2  
  192  21:00  Roach  
  192  21:03  Zergling x2  
  195  21:04  Zergling x8  
Show
View Real Time Build Order
Export as new Build Order

Miszu Terran 

Build Orders: Hellion Opening, Reaper Expand, MMM Bio 

Get SALT Encoding   

  12  0:01  SCV  
  13  0:14  SCV  
  13  0:18  Supply Depot  
  14  0:26  SCV  
  15  0:40  SCV  
  15  0:41  Barracks  
  16  0:45  Refinery  
  16  0:52  SCV  
  17  1:04  SCV  
  18  1:16  SCV  
  19  1:28  Orbital Command  
  19  1:29  Reaper  
  20  1:42  Command Center  
  20  1:53  Supply Depot  
  20  1:54  SCV  
  21  2:01  Marine  
  21  2:06  SCV  
  23  2:16  Factory  
  23  2:18  SCV  
  24  2:24  Barracks Reactor  
  24  2:31  SCV  
  25  2:42  Command Center  
  25  2:43  SCV  
  26  2:56  SCV  
  26  3:07  Orbital Command  
  26  3:08  SCV  
  26  3:09  Barracks Tech Lab  
  26  3:11  Hellion x2  
  31  3:20  SCV  
  32  3:28  Marine  
  32  3:29  Stimpack  
  32  3:32  Hellion x2, SCV  
  38  3:35  SCV  
  39  3:44  SCV  
  39  3:47  SCV  
  41  3:53  Hellion x2  
  43  3:56  SCV  
  35  4:05  SCV  
  35  4:08  SCV  
  34  4:16  Orbital Command  
  31  4:17  SCV  
  31  4:21  SCV  
  31  4:22  Factory Reactor  
  33  4:27  Marine  
  33  4:29  SCV  
  35  4:33  SCV  
  36  4:41  SCV  
  36  4:45  SCV  
  38  4:53  SCV  
  38  4:57  SCV  
  40  5:02  Refinery, Barracks x2  
  40  5:03  Orbital Command  
  40  5:04  Marine  
  40  5:05  SCV  
  42  5:09  SCV  
  42  5:13  Factory Reactor  
  43  5:17  SCV  
  43  5:18  Engineering Bay  
  43  5:19  Engineering Bay  
  44  5:21  SCV  
  44  5:22  Marine  
  44  5:26  Refinery x2  
  46  5:29  SCV  
  46  5:30  SCV, Combat Shields  
  46  5:33  SCV  
  49  5:40  Marine  
  49  5:41  SCV  
  49  5:42  Barracks x2, SCV  
  52  5:45  SCV  
  53  5:53  SCV  
  53  5:54  Starport, SCV  
  53  5:57  Marine x2, SCV  
  55  5:59  Marine  
  55  6:01  Factory Reactor  
  55  6:03  Marine  
  60  6:05  SCV  
  61  6:15  Supply Depot, Marine, SCV x2  
  61  6:17  Supply Depot  
  61  6:18  SCV  
  65  6:21  Terran Infantry Weapons Level 1, Terran Infantry Armor Level 1  
  64  6:28  SCV x2  
  64  6:30  SCV  
  64  6:32  Supply Depot  
  67  6:33  Marine  
  67  6:34  Marine  
  67  6:35  Barracks Reactor x2  
  67  6:36  Marine  
  67  6:39  Marine x2  
  71  6:40  SCV x2  
  71  6:43  Medivac  
  71  6:46  Medivac, SCV  
  79  6:51  Marine  
  79  6:52  Widow Mine, SCV x2  
  84  6:58  Supply Depot, SCV  
  84  7:01  Supply Depot, Marine  
  85  7:03  Marine x2  
  85  7:04  Marine, SCV x2  
  91  7:11  SCV, Armory  
  91  7:12  Marine  
  93  7:19  Marine x4  
  93  7:20  SCV x2  
  99  7:23  SCV  
  99  7:24  Supply Depot  
  99  7:26  Supply Depot  
  100  7:31  Refinery, Concussive Shells  
  100  7:32  Marauder, SCV x2  
  108  7:41  Medivac  
  106  7:46  Marine, SCV x2  
  106  7:47  Marine x7  
  106  7:49  Factory Tech Lab  
  116  7:53  Marine  
  117  8:03  Factory  
  117  8:04  Marine x2  
  117  8:08  Medivac  
  117  8:09  Siege Tank  
  117  8:11  Medivac, Marauder  
  122  8:13  Supply Depot  
  122  8:14  Supply Depot  
  122  8:15  Supply Depot  
  122  8:16  Refinery  
  110  8:24  Terran Infantry Armor Level 2, Marine x6  
  110  8:25  Terran Infantry Weapons Level 2  
  108  8:31  Marine x2  
  108  8:33  Marauder  
  112  8:41  Marine, Siege Tank, Terran Vehicle Weapons Level 1  
  112  8:42  Marine x3  
  112  8:47  Barracks x2  
  112  8:48  Marine, Barracks  
  119  8:49  Marine  
  119  8:50  Factory Tech Lab  
  119  8:54  Marauder  
  122  9:08  Marine  
  122  9:09  Siege Tank  
  124  9:10  Medivac x2  
  124  9:13  Marine x5, Siege Tank  
  124  9:14  Marine  
  124  9:15  Marauder  
  138  9:20  Marine  
  138  9:26  Marine  
  138  9:27  Supply Depot x2  
  138  9:30  Marine  
  138  9:31  Supply Depot, Marine x4  
  141  9:32  Marine  
  141  9:38  Marine x2  
  150  9:40  Medivac  
  150  9:41  Siege Tank  
  150  9:42  Barracks Tech Lab x3  
  150  9:44  Marine  
  153  9:48  Marine x2  
  153  9:52  Supply Depot, Marine x2  
  157  9:53  Supply Depot  
  157  9:56  Marauder  
  157  9:59  Marine  
  160  10:00  Siege Tank  
  160  10:03  Medivac  
  160  10:06  Marauder x2  
  169  10:17  Marauder  
  169  10:18  Marauder  
  173  10:21  Medivac  
  173  10:23  Marine  
  173  10:24  Marine  
  173  10:27  Marauder  
  173  10:28  Marauder  
  179  10:38  Marauder  
  179  10:39  Marauder  
  183  10:43  Marine  
  183  10:44  Marine x6  
  183  10:49  Marine, Marauder x2  
  184  10:59  Marauder  
  184  11:00  Marauder  
  188  11:14  Marine x9, Marauder  
  197  11:20  Marine  
  197  11:21  Marine  
  190  11:32  Marine x8  
  187  11:33  Marauder  
  187  11:35  Terran Infantry Weapons Level 3, Marine  
  187  11:37  Terran Infantry Armor Level 3  
  187  11:38  Marine  
  187  11:39  Marine  
  144  11:49  Marine  
  144  11:50  Marine x2  
  117  11:56  Marine  
  117  12:00  Marine  
  107  12:01  Marine x3  
  107  12:02  Medivac x2  
  107  12:04  Marine x2  
  107  12:07  Marine  
  107  12:08  Marine x4  
  104  12:14  Marine  
  108  12:15  Siege Tank  
  108  12:18  Marine  
  108  12:19  Marine  
  108  12:22  Marauder  
  112  12:25  Marauder  
  112  12:27  Marine  
  112  12:28  Marauder  
  112  12:29  Marine, Marauder  
  120  12:32  Medivac  
  120  12:33  Marine  
  123  12:42  Siege Tank  
  123  12:43  Marauder  
  128  12:47  Medivac, Marauder  
  128  12:49  Marauder  
  128  12:50  Marauder  
  126  12:55  Siege Tank  
  129  13:05  Marauder  
  131  13:08  Marauder, Orbital Command  
  131  13:10  Marauder  
  135  13:14  Refinery, Siege Tank  
  135  13:18  Refinery  
  138  13:26  Marauder  
  145  13:27  Marauder, Siege Tank  
  145  13:30  Marauder  
  142  13:42  Medivac x2, Marauder  
  144  13:50  Marauder  
  144  13:51  Marine, Marauder x2  
  151  14:03  Marauder  
  151  14:04  Siege Tank x2  
  151  14:05  Marine  
  151  14:09  Marine x2  
  162  14:12  Medivac, Marauder x3  
  170  14:25  Medivac  
  172  14:36  Siege Tank x2, Marauder  
  180  14:42  Medivac  
  180  14:45  Marine x8, Marauder  
  185  14:46  Marine  
  185  14:51  Marauder  
  195  14:55  Medivac  
  195  14:56  Marine  
  158  15:09  Siege Tank x2, Marine, Marauder  
  158  15:12  Medivac  
  166  15:14  Terran Vehicle Weapons Level 2  
  166  15:32  Medivac  
  166  15:33  Marauder  
  170  15:39  Marine  
  170  15:40  Marine, Marauder x2  
  170  15:41  Marine, Siege Tank  
  170  15:42  Medivac  
  182  15:44  Marine  
  182  15:45  Marine  
  182  15:46  Marine  
  185  15:54  Marauder  
  187  15:59  Reaper, Siege Tank  
  187  16:00  Marine x2  
  187  16:01  Marine  
  187  16:02  Medivac  
  196  16:07  Marauder x2  
  200  16:30  Marauder  
  190  16:44  Marauder  
  184  16:59  Marine  
  184  17:00  Marine x7, Marauder  
  194  17:03  Marine, Marauder  
  190  17:13  Marauder  
  139  17:17  Marine  
  139  17:19  Marine  
  139  17:21  Marauder  
  139  17:22  Marauder  
  123  17:26  Marine  
  123  17:27  Marine x6  
  123  17:28  Siege Tank  
  123  17:29  Siege Tank  
  122  17:34  Marine  
  122  17:35  Marine  
  122  17:36  Marine  
  128  17:41  Command Center  
  128  17:42  Marine x2  
  131  17:44  Marine  
  131  17:45  Marine x6  
  138  17:52  Marine  
  138  17:53  Marine, Terran Vehicle Weapons Level 3  
  138  17:56  Marine  
  143  18:00  Marauder  
  143  18:01  Marauder, Siege Tank x2  
  143  18:03  Marauder  
  149  18:10  Marauder  
  149  18:12  Marine x2  
  153  18:13  Marine x3  
  153  18:16  Marine  
  157  18:22  Marauder x2  
  157  18:24  Marauder  
  163  18:29  SCV  
  163  18:30  Marine  
  163  18:32  Marauder  
  163  18:33  Siege Tank  
  169  18:43  Marauder  
  169  18:44  Marauder  
  171  18:58  Marine  
  171  18:59  Marine x5, Marauder  
  159  19:06  Marauder  
  163  19:23  Marauder  
  163  19:34  Refinery  
  163  19:38  Sensor Tower  
  163  19:40  Marine, Marauder  
  166  19:47  Marauder  
  166  19:49  Marine  
  175  20:14  Marauder x4  
  175  20:20  Marine  
  175  20:24  Marine  
  176  20:33  Marine x5  
  176  20:34  Marine  
  188  20:35  Marauder x2  
  188  20:36  Marauder x2  
  188  20:37  Marine  
  165  20:57  Marauder  
  165  20:58  Marauder x2  
Tags
 
Add a new tag
Caveats
  • Supply blocks, unpowered buildings, or Contaminate may cause inaccurate times.
  • Supply counts are checked every 10 seconds.